 Dungeon Sprint DCSS version 0.27-a0-1090-gb115f176c6 (webtiles) character file.

Game seed: 6759777373689153712

96857 mhtbhm the Archmage (level 15, -1/72 HPs)
             Began as a Deep Elf Fire Elementalist on Apr 27, 2021.
             Was the Champion of Vehumet.
             Killed from afar by a quicksilver dragon (24 damage)
             ... with a bolt of dispelling energy
             ... in the Dungeon (Sprint V: "Ziggurat Sprint").
             The game lasted 00:24:12 (2662 turns).

mhtbhm the Archmage (Deep Elf Fire Elementalist)    Turns: 2662, Time: 00:24:14

Health: -1/72      AC: 16    Str:  8    XL:     15   Next: 70%
Magic:  48/48      EV: 24    Int: 44    God:    Vehumet [******]
Gold:   0          SH:  0    Dex: 20    Spells: 18/68 levels left

rFire    + + +     SeeInvis .   C - +8 lance "Wyrmbane" {slay drac, rPois rF+ rC+ AC+3}
rCold    + . .     Faith    .   (no shield)
rNeg     . . .     Spirit   .   a - +1 robe of Hospitality {rF+++ MP-9 Int+3 Dex-3}
rPois    +         Reflect  .   H - +2 helmet of Subjectivity {Fly rPois Int+2 Dex+3}
rElec    +         Harm     .   E - +2 cloak {Stlth+}
rCorr    .         Rampage  .   K - +2 pair of gloves {Str+3}
Will     +++..     NoTele   +   u - +0 pair of boots of Disguise {Dex+5}
Stlth    ++++......             r - amulet of the Air {Inacc Fly rElec EV+5 RMsl}
HPRegen  0.22/turn              J - ring "Haufoj" {rElec MP+9 Int+9}
MPRegen  0.31/turn              D - ring of the Mage {Wiz Will++ Int+3}

@: flying, studying Hexes, repel missiles
A: no striking features
a: Renounce Religion


You were in the Dungeon.
You worshipped Vehumet.
Vehumet was exalted by your worship.
You visited 1 branch

Inventory:

Hand Weapons
 C - the +8 lance "Wyrmbane" (weapon) {slay drac, rPois rF+ rC+ AC+3}
   (You found it in the Dungeon)

   It affects your AC (+3).
   It protects you from fire.
   It protects you from cold.
   It protects you from poison.
Missiles
 L - 2 throwing nets
Armour
 a - the +1 robe of Hospitality (worn) {rF+++ MP-9 Int+3 Dex-3}
   (You took it off a merfolk aquamancer in the Dungeon)

   It affects your intelligence (+3).
   It affects your dexterity (-3).
   It renders you almost immune to fire.
   It affects your magic capacity (-9).
 u - the +0 pair of boots of Disguise (worn) {Dex+5}
   (You found it in the Dungeon)

   It affects your dexterity (+5).
 E - a +2 cloak of stealth (worn)
 H - the +2 helmet of Subjectivity (worn) {Fly rPois Int+2 Dex+3}
   (You found it in the Dungeon)

   It affects your intelligence (+2).
   It affects your dexterity (+3).
   It protects you from poison.
   It grants you flight.
 I - the +3 pair of gauntlets of War {Slay+5}
   (You found it in the Dungeon)

   It affects your accuracy and damage with ranged weapons and melee attacks
   (+5).
 K - a +2 pair of gloves of strength (worn)
 N - the -2 hat of the Alchemist {rElec rPois rF+ rC+ rN+ Will+ rMut rCorr}
   (You found it in the Dungeon)

   It protects you from fire.
   It protects you from cold.
   It insulates you from electricity.
   It protects you from poison.
   It protects you from negative energy.
   It protects you from acid and corrosion.
   It protects you from mutation.
   It increases your willpower.
Jewellery
 r - the amulet of the Air (around neck) {Inacc Fly rElec EV+5 RMsl}
   (You found it in the Dungeon)

   [amulet of nothing]

   It affects your evasion (+5).
   It insulates you from electricity.
   It grants you flight.
   It protects you from missiles.
 D - the ring of the Mage (right hand) {Wiz Will++ Int+3}
   (You found it in the Dungeon)

   [ring of wizardry]

   It improves your spell success rate.
   It affects your intelligence (+3).
   It greatly increases your willpower.
 F - the ring "Bimmumos" {Int+6 SInv}
   (You found it in the Dungeon)

   [ring of see invisible]

   It affects your intelligence (+6).
   It lets you see invisible.
 J - the ring "Haufoj" (left hand) {rElec MP+9 Int+9}
   (You found it in the Dungeon)

   [ring of magical power]

   It affects your intelligence (+9).
   It insulates you from electricity.
   It affects your magic capacity (+9).
 R - the amulet of Egomania {RegenMP +Inv rN+}
   (You found it in the Dungeon)

   [amulet of magic regeneration]

   It increases your rate of magic regeneration.
   It protects you from negative energy.
   It lets you turn invisible.
Wands
 y - a wand of mindburst (2)
 z - a wand of iceblast (5)
 A - a wand of acid (4)
Scrolls
 b - 4 scrolls of amnesia
 h - 2 scrolls of blinking
 i - 9 scrolls of fog
 j - a scroll of holy word
 k - 5 scrolls of identify
 l - 2 scrolls of fear
 t - 7 scrolls of brand weapon
 v - 4 scrolls of enchant armour
 x - 4 scrolls of enchant weapon
Potions
 c - 10 potions of curing
 d - 13 potions of heal wounds
 e - 10 potions of haste
 f - 7 potions of magic
 g - 3 potions of berserk rage
 m - 2 potions of brilliance
 n - 2 potions of invisibility
 o - 4 potions of resistance
 p - a potion of experience
 q - 7 potions of might
Miscellaneous
 s - a tin of tremorstones (2/2)
 w - a box of beasts
 B - a lightning rod (4/4)
 G - a condenser vane


   Skills:
 + Level 10.5 Dodging
 - Level 4.9 Stealth
 O Level 27 Spellcasting
 * Level 11.9 Conjurations
 + Level 26.1 Fire Magic
 O Level 27 Earth Magic
 + Level 13.2 Evocations


You had 18 spell levels left.
You knew the following spells:

 Your Spells              Type           Power      Damage    Failure   Level
a - Foxfire               Conj/Fire      100%       2x1d9     0%          1
b - Conjure Flame         Conj/Fire      100%       6-21      0%          3
c - Inner Flame           Hex/Fire       100%       N/A       0%          3
d - Sticky Flame          Conj/Fire      100%       2d11      0%          4
e - Fireball              Conj/Fire      61%        3d23      0%          5
f - Ignition              Fire           69%        3d18      1%          8
g - Shatter               Erth           69%        3d51*     1%          9
h - Lehudib's Crystal Sp  Conj/Erth      62%        10d14     1%          8
i - Fire Storm            Conj/Fire      61%        8d16      1%          9

Your spell library contained the following spells:

 Spells                   Type           Power      Damage    Failure   Level
 Starburst                Conj/Fire      61%        8x6d16    0%          6
 Magic Dart               Conj           100%       1d8       0%          1
 Sandblast                Erth           100%       2d20      0%          1
 Passwall                 Tmut/Erth      90%        N/A       0%          2
 Searing Ray              Conj           100%       3d7       0%          2
 Ignite Poison            Fire/Tmut/Pois 94%        N/A       0%          3
 Stone Arrow              Conj/Erth      100%       3d13      0%          3
 Animate Armour           Summ/Erth      100%       N/A       0%          4
 Leda's Liquefaction      Hex/Erth       54%        N/A       0%          4
 Petrify                  Tmut/Erth      100%       N/A       0%          4
 Bolt of Magma            Conj/Fire/Erth 64%        4d25      0%          5
 Lee's Rapid Deconstruct  Erth           69%        3d32*     0%          5
 Iron Shot                Conj/Erth      62%        9d12      0%          6
 Animate Skeleton         Necr           100%       N/A       1%          1
 Apportation              Tloc           100%       N/A       1%          1
 Corona                   Hex            62%        N/A       1%          1
 Freeze                   Ice            100%       1d11      1%          1
 Pain                     Necr           100%       1d9       1%          1
 Sting                    Tmut/Pois      100%       1d8       1%          1
 Summon Small Mammal      Summ           100%       N/A       1%          1
 Corpse Rot               Necr/Air       N/A        N/A       1%          2
 Ensorcelled Hibernation  Hex/Ice        100%       N/A       1%          2
 Poisonous Vapours        Pois/Air       100%       N/A       1%          2
 Static Discharge         Conj/Air       84%        N/A       1%          2
 Confusing Touch          Hex            56%        N/A       1%          3
 Frozen Ramparts          Ice            100%       1d12      1%          3
 Gell's Gravitas          Tloc           28%        N/A       1%          3
 Mephitic Cloud           Conj/Pois/Air  76%        N/A       1%          3
 Ozocubu's Armour         Ice            56%        N/A       1%          3
 Teleport Other           Tloc           56%        N/A       1%          3
 Tukima's Dance           Hex            56%        N/A       1%          3
 Vampiric Draining        Necr           28%        2d10      1%          3
 Animate Dead             Necr           28%        N/A       1%          4
 Cause Fear               Hex            28%        N/A       1%          4
 Hailstorm                Conj/Ice       84%        3d17      1%          4
 Ice Form                 Ice/Tmut       56%        N/A       1%          4
 Iskenderun's Mystic Bla  Conj/Tloc      84%        2d17      1%          4
 Olgreb's Toxic Radiance  Pois           56%        N/A       1%          4
 Summon Ice Beast         Ice/Summ       56%        N/A       1%          4
 Summon Lightning Spire   Summ/Air       56%        N/A       1%          4
 Borgnjor's Vile Clutch   Necr/Erth      54%        N/A       1%          5
 Iskenderun's Battlesphe  Conj           100%       2d15      1%          5
 Lightning Bolt           Conj/Air       42%        1d61      1%          5
 Yara's Violent Unravell  Hex/Tmut       28%        3d12      1%          5
 Conjure Ball Lightning   Conj/Air       42%        3x3d15    1%          6
 Freezing Cloud           Conj/Ice/Air   38%        6-21      1%          6
 Statue Form              Tmut/Erth      72%        N/A       1%          6
 Orb of Destruction       Conj           52%        9d16      1%          7
 Agony                    Necr           56%        N/A       2%          5
 Alistair's Intoxication  Tmut/Pois      37%        N/A       2%          5
 Manifold Assault         Tloc           56%        N/A       2%          5
 Metabolic Englaciation   Hex/Ice        28%        N/A       2%          5
 Silence                  Hex/Air        28%        N/A       2%          5
 Spellforged Servitor     Conj/Summ      42%        N/A       2%          7
 Eringya's Noxious Bog    Tmut/Pois      28%        N/A       4%          6
 Death Channel            Necr           28%        N/A       14%         6
 Shadow Creatures         Summ           N/A        N/A       14%         6
 Simulacrum               Ice/Necr       28%        N/A       14%         6
 Chain Lightning          Conj/Air       42%        N/A       14%         8
 Ozocubu's Refrigeration  Ice            28%        4d10      21%         7
 Haunt                    Necr/Summ      28%        N/A       58%         7
 Malign Gateway           Summ/Tloc      28%        N/A       58%         7
 Monstrous Menagerie      Summ           28%        N/A       58%         7
 Borgnjor's Revivificati  Necr           28%        N/A       99%         8
 Disjunction              Tloc           28%        N/A       99%         8
 Infestation              Necr           28%        N/A       99%         8
 Necromutation            Tmut/Necr      28%        N/A       99%         8
 Summon Horrible Things   Summ           28%        N/A       99%         8
 Absolute Zero            Ice            28%        ∞         100%        9
 Death's Door             Necr           28%        N/A       100%        9
 Tornado                  Air            28%        N/A       100%        9


Dungeon Overview and Level Annotations

Branches:
Dungeon (1/1)

Altars:
Ashenzari
Cheibriados
Dithmenos
Elyvilon
Fedhas
Gozag
Hepliaklqana
Kikubaaqudgha
Makhleb
Nemelex Xobeh
Okawaru
Qazlal
Ru
Sif Muna
Trog
Uskayaw
Vehumet
Wu Jian
Xom
Yredelemnul
Zin
The Shining One
Beogh
Jiyva
Lugonu


Message History

The iron dragon is severely wounded.
The fireball engulfs the earth elemental.
The earth elemental completely resists.
The fireball engulfs the quicksilver dragon!!!
You kill the quicksilver dragon!
Vehumet accepts your kill.
You feel your power returning.
The fireball engulfs the quicksilver dragon!!
You kill the quicksilver dragon!
Vehumet accepts your kill.
The fireball engulfs the iron golem.
The iron golem completely resists.
The fireball engulfs the quicksilver dragon!!
The quicksilver dragon is almost dead.
The fireball engulfs the quicksilver dragon!!!
The quicksilver dragon is severely wounded.
The fireball engulfs the iron dragon!
The iron dragon resists.
The iron dragon is almost dead.
The fireball engulfs the quicksilver dragon!!
The quicksilver dragon is almost dead.
The fireball engulfs the quicksilver dragon!
The quicksilver dragon is moderately wounded.
The fireball engulfs the iron dragon.
The iron dragon resists.
The iron dragon is moderately wounded.
The fireball engulfs the quicksilver dragon!!
You kill the quicksilver dragon!
Vehumet accepts your kill.
The fireball engulfs the quicksilver dragon!!!
You kill the quicksilver dragon!
Vehumet accepts your kill.
An iron golem comes into view.
The iron dragon breathes metal splinters at you.
The spray of metal splinters hits you!
An iron dragon comes into view.
Wyrmbane glows as a worthy foe approaches.
The stone giant throws a large rock.
The large rock completely misses you.
A quicksilver dragon comes into view.
Wyrmbane glows as a worthy foe approaches.
The quicksilver dragon breathes dispelling energy at you.
The bolt of dispelling energy hits you!!
You die...

▓...[.}=
.==C8())}:DD)=.
▓....)††
..)E..CD.8..DD.
▓......†
...........†...
▓.......
...D...........
▓....††.
......D........
▓.......
...............
▓.......
...............
▓.......
.......@.......
▓...▓...
...............
▓..▓▓▓..
...............
▓...▓...
...............
▓.......
...............
▓.......
...............
▓▓▓▓▓▓▓▓
.......©.......
▓▓▓▓▓▓▓▓▓▓▓▓▓▓▓


You could see 2 iron golems, 4 iron dragons, 3 quicksilver dragons, 2 stone
giants and an earth elemental.

Vanquished Creatures
  A royal mummy (D)
  A lich (D)
  5 quicksilver dragons (D)
  2 titans (D)
  A kraken (D)
  3 storm dragons (D)
  2 fire giants (D)
  3 iron dragons (D)
  2 orc warlords (D)
  4 ghost moths (D)
  An ironbound preserver (D)
  2 stone giants (D)
  A vampire knight (D)
  A reaper (D)
  An entropy weaver (D)
  A blizzard demon (D)
  5 merfolk impalers (D)
  A merfolk javelineer (D)
  2 crystal guardians (D)
  A great orb of eyes (D)
  4 vault guards (D)
  A centaur warrior (D)
  5 spriggan air magi (D)
  A merfolk avatar (D)
  An alligator snapping turtle (D)
  5 merfolk aquamancers (D)
  3 two-headed ogres (D)
  A satyr (D)
  A hell hog (D)
  2 iron golems (D)
  An orc high priest (D)
  A flayed ghost (D)
  2 skeletal warriors (D)
  2 sea snakes (D)
  5 wolf spiders (D)
  2 orc knights (D)
  5 orb spiders (D)
  3 necromancers (D)
  2 orc sorcerers (D)
  4 cyclopes (D)
  5 moths of wrath (D)
  A manticore (D)
  An eye of devastation (D)
  3 merfolk sirens (D)
  2 rust devils (D)
  A black mamba (shapeshifter) (D)
  A torpor snail (D)
  2 gargoyles (D)
  2 cane toads (D)
  2 hellions (D)
  A komodo dragon (D)
  3 yaktaurs (D)
  4 ice devils (D)
  2 demonic crawlers (D)
  3 freezing wraiths (D)
  2 guardian mummies (D)
  A red devil (D)
  4 tormentors (D)
  6 wind drakes (D)
  5 jumping spiders (D)
  4 trolls (D)
  5 merfolk (D)
  11 hornets (D)
  4 slime creatures (D)
  2 flying skulls (D)
  7 air elementals (D)
  9 redbacks (D)
  3 water elementals (D)
  4 shadows (D)
  6 tarantellas (D)
  A large abomination (D)
  A wraith (D)
  2 ushabtiu (D)
  A golden eye (D)
  2 wargs (D)
  2 water moccasins (D)
  2 hell hounds (D)
  A water moccasin (shapeshifter) (D)
  8 orc warriors (D)
  A swamp drake (shapeshifter) (D)
  An ice beast (shapeshifter) (D)
  7 ogres (D)
  A wolf (shapeshifter) (D)
  3 centaurs (D)
  A phantom (D)
  2 wolves (D)
  A bullfrog (D)
  3 earth elementals (D)
  A wight (D)
  A crimson imp (D)
  3 quasits (D)
  2 orc priests (D)
  5 iron imps (D)
  A jelly (D)
  An iguana (D)
  2 orc wizards (D)
  11 mummies (D)
  2 adders (D)
  2 shadow imps (D)
  4 white imps (D)
  2 ufetubi (D)
  6 adder zombies (D)
  An adder skeleton (D)
  3 orcs (D)
  A bat skeleton (D)
  A bat zombie (D)
  2 endoplasms (D)
  A jackal (D)
  A ball python skeleton (D)
  2 quokka skeletons (D)
  4 tentacles (D)
296 creatures vanquished.

Vanquished Creatures (collateral kills)
  A hell knight (D)
  A rust devil (D)
2 creatures vanquished.

Vanquished Creatures (others)
  2 foxfires (D)
2 creatures vanquished.

Grand Total: 300 creatures vanquished

Notes
Turn   | Place    | Note
-------+----------+-------------------------------------------
     0 | D        | mhtbhm the Deep Elf Fire Elementalist began the quest for
                  | the Orb.
     0 | D        | Reached XP level 1. HP: 10/10 MP: 6/6
     0 | D        | Found a shimmering blue altar of Sif Muna.
     0 | D        | Found a bloodstained altar of Trog.
     0 | D        | Found a sacrificial altar of Ru.
     0 | D        | Found a stormy altar of Qazlal.
     0 | D        | Found an iron altar of Okawaru.
     2 | D        | Found a sparkling altar of Nemelex Xobeh.
     3 | D        | Found the +6 Majin-Bo {vamp, MP+6 Int+6}
     3 | D        | Found the +9 heavy crossbow "Sniper" {vorpal, Acc+∞ SInv}
     3 | D        | Found the +10 dark maul {vorpal}
     3 | D        | Found the +15 Maxwell's patent armour {-Cast -Tele rElec
                  | Will+ rCorr}
     3 | D        | Found the +18 shield of the Gong {rElec rN+ Will+ EV-5}
     3 | D        | Found the +14 obsidian axe {vorpal, Drain Fly SInv}
     3 | D        | Found the +7 great mace "Firestarter" {inner flame, rF++}
     3 | D        | Found the +6 shillelagh "Devastator" {shatter}
     3 | D        | Found the +11 plutonium sword {Contam Stlth-}
     3 | D        | Found the +8 lance "Wyrmbane" {slay drac, rPois rF+ rC+
                  | AC+3}
     3 | D        | Found the +9 sword of Zonguldrok {reap}
     3 | D        | Found the +13 scythe of Curses {drain, Drain}
     3 | D        | Found the +5 sword of Power {vorpal}
     3 | D        | Found the +7 mace of Variability {chain chaos}
     3 | D        | Found the +7 Singing Sword {vorpal, sonic wave}
     3 | D        | Found the +8 storm bow {elec, penet}
     3 | D        | Found an ancient bone altar of Kikubaaqudgha.
     3 | D        | Found a transporter.
     3 | D        | Found a corrupted altar of Lugonu.
     3 | D        | Found a viscous altar of Jiyva.
     3 | D        | Found a burning altar of Makhleb.
     3 | D        | Found a hazy altar of Hepliaklqana.
     3 | D        | Found an opulent altar of Gozag.
     4 | D        | Found a blossoming altar of Fedhas.
    48 | D        | Became a worshipper of Vehumet
    65 | D        | Entered arena 2.
    65 | D        | Noticed an iron imp
    65 | D        | Found a transporter.
    66 | D        | Found the amulet of the Air {Inacc Fly rElec EV+5 RMsl}
    70 | D        | Killed an iron imp
    71 | D        | Reached XP level 2. HP: 15/15 MP: 6/9
    71 | D        | Reached XP level 3. HP: 19/19 MP: 7/11
   109 | D        | Entered arena 3.
   109 | D        | Noticed a water moccasin
   109 | D        | Found a transporter.
   111 | D        | Reached * piety under Vehumet
   111 | D        | Offered knowledge of Sandblast by Vehumet.
   111 | D        | Killed a water moccasin
   112 | D        | Reached skill level 5 in Dodging
   112 | D        | Reached XP level 4. HP: 24/24 MP: 11/14
   112 | D        | Reached XP level 5. HP: 28/28 MP: 12/16
   116 | D        | Learned a level 3 spell: Conjure Flame
   120 | D        | Learned a level 3 spell: Inner Flame
   125 | D        | Learned a level 4 spell: Sticky Flame
   131 | D        | Learned a level 5 spell: Fireball
   139 | D        | Entered arena 4.
   139 | D        | Noticed a large abomination
   139 | D        | Found a transporter.
   140 | D        | Reached ** piety under Vehumet
   144 | D        | Killed a large abomination
   145 | D        | Reached XP level 6. HP: 32/32 MP: 2/19
   146 | D        | Reached *** piety under Vehumet
   151 | D        | Got the Collected Works on Weightlessness and the Oath
   247 | D        | Entered arena 5.
   247 | D        | Noticed a hell hound
   247 | D        | Found a transporter.
   249 | D        | Offered knowledge of Shock by Vehumet.
   250 | D        | Killed a hell hound
   251 | D        | Reached **** piety under Vehumet
   258 | D        | Got the ring "Peakhuo" {+Blink rElec Str+3 SInv}
   270 | D        | Entered arena 6.
   270 | D        | Noticed an ice beast
   270 | D        | Noticed a black mamba
   270 | D        | Noticed a water moccasin
   270 | D        | Noticed a swamp drake
   270 | D        | Found a transporter.
   271 | D        | Killed a swamp drake
   272 | D        | Reached skill level 10 in Spellcasting
   272 | D        | Reached XP level 7. HP: 36/36 MP: 17/22
   273 | D        | Reached skill level 5 in Evocations
   273 | D        | Killed a black mamba
   273 | D        | Reached ***** piety under Vehumet
   274 | D        | Reached XP level 8. HP: 41/41 MP: 14/24
   365 | D        | Learned a level 8 spell: Ignition
   367 | D        | Entered arena 7.
   367 | D        | Noticed a vault guard
   367 | D        | Noticed a vault guard
   367 | D        | Noticed an ironbound preserver
   367 | D        | Noticed a vault guard
   367 | D        | Noticed a vault guard
   367 | D        | Noticed a yaktaur
   369 | D        | Killed a yaktaur
   370 | D        | Killed a vault guard
   371 | D        | Reached skill level 5 in Conjurations
   371 | D        | Reached skill level 15 in Fire Magic
   371 | D        | Reached XP level 9. HP: 45/45 MP: 11/27
   371 | D        | Killed a vault guard
   372 | D        | Killed a vault guard
   376 | D        | Killed a vault guard
   376 | D        | Killed an ironbound preserver
   377 | D        | Reached skill level 10 in Dodging
   377 | D        | Reached XP level 10. HP: 50/50 MP: 12/30
   377 | D        | Found a transporter.
   465 | D        | Learned a level 9 spell: Shatter
   468 | D        | Entered arena 8.
   469 | D        | Found the ring of the Mage {Wiz Will++ Int+3}
   469 | D        | Offered knowledge of Dazzling Flash by Vehumet.
   469 | D        | Reached ****** piety under Vehumet
   470 | D        | Reached skill level 15 in Spellcasting
   476 | D        | Found a transporter.
   486 | D        | Got the Guide on Dark Venom
   499 | D        | Entered arena 9.
   501 | D        | Reached skill level 1 in Earth Magic
   501 | D        | Found a transporter.
   531 | D        | Entered arena 10.
   531 | D        | Noticed a cyclops
   531 | D        | Noticed a centaur warrior
   531 | D        | Noticed a cyclops
   532 | D        | Killed a cyclops
   532 | D        | Killed a cyclops
   533 | D        | Reached skill level 10 in Evocations
   533 | D        | Killed a centaur warrior
   534 | D        | Reached skill level 5 in Earth Magic
   534 | D        | Reached XP level 11. HP: 54/54 MP: 27/33
   534 | D        | Found a transporter.
   563 | D        | Entered arena 11.
   565 | D        | Found a transporter.
   571 | D        | Got the ring of Ihurchume {rPois Str+6 Int+4}
   573 | D        | Got the amulet "Ipheirem" {*Slow rElec Regen+ Str+2 Dex+4}
   592 | D        | Entered arena 12.
   593 | D        | Offered knowledge of Frozen Ramparts by Vehumet.
   593 | D        | Noticed a great orb of eyes
   594 | D        | Killed a great orb of eyes
   596 | D        | Found a transporter.
   606 | D        | Got the ring "Bimmumos" {Int+6 SInv}
   629 | D        | Entered arena 13.
   629 | D        | Noticed a lich
   629 | D        | Noticed a necromancer
   629 | D        | Noticed a vampire knight
   630 | D        | Killed a necromancer
   630 | D        | Killed a necromancer
   632 | D        | Killed a lich
   632 | D        | Killed a vampire knight
   632 | D        | Identified the +0 chain mail "Haibal" {Stlth+}
   632 | D        | Noticed a skeletal warrior
   632 | D        | Identified the +5 war axe of Uvetzig {vorpal, Will- Str+6
                  | Dex+5}
   632 | D        | Noticed a necromancer
   633 | D        | Found a transporter.
   633 | D        | Noticed a skeletal warrior
   634 | D        | Killed a necromancer
   634 | D        | Killed a skeletal warrior
   635 | D        | Reached XP level 12. HP: 59/59 MP: 26/37
   747 | D        | Entered arena 14.
   749 | D        | Noticed a hell hog
   750 | D        | Reached skill level 10 in Earth Magic
   751 | D        | Identified the +3 broad axe of Radicalism {antimagic, rN+}
   752 | D        | Killed a hell hog
   761 | D        | Found a transporter.
   769 | D        | Offered knowledge of Stone Arrow by Vehumet.
   852 | D        | Got Huiheri's Incunabulum of Poison
   876 | D        | Learned a level 8 spell: Lehudib's Crystal Spear
   886 | D        | Learned a level 9 spell: Fire Storm
   996 | D        | Entered arena 15.
   997 | D        | Noticed a two-headed ogre
   997 | D        | Noticed a fire giant
   997 | D        | Noticed a stone giant
   997 | D        | Noticed a fire giant
   997 | D        | Noticed a two-headed ogre
   999 | D        | Offered knowledge of Orb of Destruction by Vehumet.
   999 | D        | Killed a two-headed ogre
   999 | D        | Killed a two-headed ogre
  1000 | D        | Killed a stone giant
  1003 | D        | Noticed a two-headed ogre
  1004 | D        | Killed a fire giant
  1004 | D        | Killed a fire giant
  1007 | D        | Killed a two-headed ogre
  1133 | D        | Found a transporter.
  1208 | D        | Entered arena 16.
  1210 | D        | Offered knowledge of Iskenderun's Battlesphere by Vehumet.
  1211 | D        | Noticed a royal mummy
  1215 | D        | Noticed an emperor scorpion
  1215 | D        | Noticed an emperor scorpion
  1215 | D        | Noticed an emperor scorpion
  1215 | D        | Noticed an emperor scorpion
  1217 | D        | Killed a royal mummy
  1218 | D        | Reached XP level 13. HP: 49/63 MP: 5/42
  1219 | D        | Found the +4 dagger "Morg" {pain, Will+ Int+5}
  1262 | D        | Found a transporter.
  1273 | D        | Got the amulet of Jese Pawk {+Blink rC+ Regen+ Int+2 Dex-4}
  1279 | D        | Got the ring of Autumn {rF+ rC+ MP+9}
  1348 | D        | Entered arena 17.
  1351 | D        | Noticed a reaper
  1353 | D        | Killed a reaper
  1354 | D        | Identified the +9 short sword of the Sky {vorpal, *Rage
                  | +Blink rC++ rN+}
  1359 | D        | Found a transporter.
  1448 | D        | Entered arena 18.
  1452 | D        | Offered knowledge of Starburst by Vehumet.
  1452 | D        | Killed a blizzard demon
  1523 | D        | Found a transporter.
  1555 | D        | Entered arena 19.
  1558 | D        | Noticed a titan
  1558 | D        | Noticed a titan
  1558 | D        | Noticed a storm dragon
  1559 | D        | Killed a titan
  1559 | D        | Noticed a storm dragon
  1560 | D        | Killed a storm dragon
  1560 | D        | Killed a titan
  1561 | D        | Reached skill level 15 in Earth Magic
  1561 | D        | Reached XP level 14. HP: 36/68 MP: 44/46
  1561 | D        | Noticed a storm dragon
  1564 | D        | Killed a storm dragon
  1564 | D        | Killed a storm dragon
  1639 | D        | Found a transporter.
  1648 | D        | Got the Papyrus of Displacement
  1656 | D        | Got the ring "Lelyogu" {Dex+6 SInv}
  1672 | D        | Got the +0 pair of boots of Disguise {Dex+5}
  1711 | D        | Entered arena 20.
  1716 | D        | Noticed an orc warlord
  1716 | D        | Noticed an orc warlord
  1717 | D        | Offered knowledge of Irradiate by Vehumet.
  1717 | D        | Killed an orc warlord
  1718 | D        | Reached skill level 27 in Spellcasting
  1719 | D        | Killed an orc warlord
  1719 | D        | Identified the +9 hand axe of the Forgotten Queens {vamp,
                  | rPois} (You took it off an orc warrior in the Dungeon)
  1725 | D        | Found a transporter.
  1798 | D        | Got the +2 helmet of Subjectivity {Fly rPois Int+2 Dex+3}
  1828 | D        | Got the +6 storm dragon scales of Defence {rElec rF++ rC++
                  | Str-4}
  1925 | D        | Entered arena 21.
  1930 | D        | Offered knowledge of Lee's Rapid Deconstruction by Vehumet.
  1930 | D        | Noticed a ghost moth
  1932 | D        | Noticed a ghost moth
  1934 | D        | Killed a ghost moth
  1935 | D        | Killed a ghost moth
  2087 | D        | Found the +3 pair of gauntlets of War {Slay+5}
  2089 | D        | Found a transporter.
  2116 | D        | Got the ring of Neqiar {rC+ EV+4 Int+2}
  2120 | D        | Got the ring of Irev {Fire Str+4}
  2132 | D        | Got the ring "Piecitt" {Str+2 Dex+6}
  2162 | D        | Entered arena 22.
  2167 | D        | Found the ring of the Tortoise {AC+8}
  2167 | D        | Offered knowledge of Lee's Rapid Deconstruction by Vehumet.
  2167 | D        | Noticed a ghost moth
  2169 | D        | Killed a ghost moth
  2172 | D        | Noticed a ghost moth
  2173 | D        | Killed a ghost moth
  2175 | D        | Reached XP level 15. HP: 72/72 MP: 41/48
  2214 | D        | Found the +5 scythe "Finisher" {speed, eviscerate}
  2215 | D        | Found the -2 hat of the Alchemist {rElec rPois rF+ rC+ rN+
                  | Will+ rMut rCorr}
  2215 | D        | Found a transporter.
  2224 | D        | Got the ring "Haufoj" {rElec MP+9 Int+9}
  2236 | D        | Got Ficeufiz's Tome of Venom and Evil Rituals
  2242 | D        | Got the Disquisition on the Freezing Compass
  2331 | D        | Entered arena 23.
  2337 | D        | Noticed a kraken
  2338 | D        | Found the +9 staff of Wucad Mu {*channel}
  2338 | D        | Offered knowledge of Starburst by Vehumet.
  2339 | D        | Killed a kraken
  2341 | D        | Identified the amulet of the Peasants {rF++ Regen+ SInv}
  2342 | D        | Identified the +1 robe of Hospitality {rF+++ MP-9 Int+3
                  | Dex-3}
  2346 | D        | Identified the +0 ring mail of the Trout {rN++}
  2355 | D        | Identified the +3 demon whip of Terra Nullius {flame, *Rage
                  | rPois Int+4 Dex+4}
  2355 | D        | Identified the ring "Ulaajog" {rElec Dex+6}
  2359 | D        | Reached skill level 10 in Conjurations
  2359 | D        | Reached skill level 27 in Earth Magic
  2542 | D        | Found a transporter.
  2553 | D        | Got the amulet of Egomania {RegenMP +Inv rN+}
  2556 | D        | Got the Guide on the Harmful Traveller
  2640 | D        | Acquired a book of Geomancy
  2653 | D        | Entered arena 24.
  2659 | D        | Noticed a quicksilver dragon
  2659 | D        | Noticed an iron dragon
  2659 | D        | Noticed a quicksilver dragon
  2659 | D        | Noticed an iron dragon
  2659 | D        | Noticed a quicksilver dragon
  2659 | D        | Noticed an iron dragon
  2660 | D        | Noticed an iron dragon
  2660 | D        | Noticed a quicksilver dragon
  2660 | D        | Noticed a quicksilver dragon
  2661 | D        | Noticed an iron dragon
  2661 | D        | Killed an iron dragon
  2661 | D        | Killed an iron dragon
  2661 | D        | Killed an iron dragon
  2661 | D        | Noticed a quicksilver dragon
  2661 | D        | Noticed an iron dragon
  2661 | D        | Noticed a quicksilver dragon
  2662 | D        | Killed a quicksilver dragon
  2662 | D        | Killed a quicksilver dragon
  2662 | D        | Killed a quicksilver dragon
  2662 | D        | Killed a quicksilver dragon
  2662 | D        | Killed a quicksilver dragon
  2662 | D        | Noticed an iron dragon
  2662 | D        | Noticed a quicksilver dragon
  2662 | D        | Killed from afar by a quicksilver dragon

Illustrated notes

Levels and vault maps discovered:
D:        sprint_v [room_start, room_1, room_2, room_3, room_4, room_5, room_6,
          room_7, room_8, room_9, room_10, room_11, room_12, room_13, room_14,
          room_15, room_16, room_17, room_18, room_19, room_20, room_21,
          room_22, room_23, room_24, room_25, room_26, room_27]

Skill      XL: |  1  2  3  4  5  6  7  8  9 10 11 12 13 14 15 |
---------------+----------------------------------------------+-----
Dodging        | 3 5 6 7 8 10 | 10.5
Fire Magic     | 6 9 11 12 13 15 17 18 20 21 23 24 26 | 26.1
Stealth        | 3 4 |  4.9
Spellcasting   | 4 6 8 10 12 14 16 19 23 26 27 | 27.0
Evocations     | 2 3 4 5 7 9 10 11 12 13 | 13.2
Conjurations   | 2 3 4 5 6 7 8 11 | 11.9
Earth Magic    | 5 9 12 15 24 27 | 27.0

Action                   |  1- 3 |  4- 6 |  7- 9 | 10-12 | 13-15 || total
-------------------------+-------+-------+-------+-------+-------++-------
Melee: Lance             |       |       |       |     3 |       ||     3
 Cast: Fireball          |       |     4 |     4 |       |     5 ||    13
       Sticky Flame      |       |     1 |     1 |       |       ||     2
       Ignition          |       |       |     1 |    26 |    42 ||    69
       Foxfire           |       |       |       |     1 |       ||     1
       Shatter           |       |       |       |       |     3 ||     3
       Lehudib's Crystal |       |       |       |       |     3 ||     3
Evoke: Wand              |     4 |       |     3 |     3 |       ||    10
       Lightning rod     |     2 |     7 |     3 |    13 |     1 ||    26
       Condenser vane    |       |       |       |     4 |     1 ||     5
       Tin of tremorston |       |       |       |     1 |     2 ||     3
       Box of beasts     |       |       |       |     1 |       ||     1
  Use: Potion            |     1 |       |       |       |       ||     1
       Scroll            |       |       |       |     2 |     1 ||     3
Armor: Robe              |       |       |       |       |     1 ||     1
Dodge: Dodged            |     2 |     5 |     1 |     2 |    10 ||    20

Table legend: (Time is in decaauts)
 A = Elapsed time spent in this place.
 B = Non-inter-level travel time spent in this place.
 C = Inter-level travel time spent in this place.
 D = Time resting spent in this place.
 E = Time spent auto-exploring this place.
 F = Levels seen in this place.
 G = Mean time per level.
                   A        B        C        D        E       F      G
               +--------+--------+--------+--------+--------+-----+--------+
         Total |   2658 |   2658 |      0 |   1261 |     71 |   1 | 2658.0 |
       Dungeon |   2658 |   2658 |      0 |   1261 |     71 |   1 | 2658.0 |
               +--------+--------+--------+--------+--------+-----+--------+

Top non-repeatable levels by time:
       D: 2658 daAuts
